 Dungeon Crawl Stone Soup version 0.19-a0-713-g934ebc7 (webtiles) character file.

83 scalarboson the Shield-Bearer (level 4, -1/29 HPs)
             Began as a Gargoyle Fighter on June 20, 2016.
             Slain by Grinder (2 damage)
             ... on level 3 of the Dungeon.
             The game lasted 00:04:26 (805 turns).

scalarboson the Shield-Bearer (Gargoyle Fighter)     Turns: 805, Time: 00:04:26

Health: -1/29      AC: 10    Str: 20    XL:     4   Next: 44%
Magic:  4/4        EV:  7    Int:  9    God:
Gold:   78         SH:  9    Dex:  9    Spells: 0 memorised, 3 levels left

rFire  . . .     SeeInvis .     a - +0 flail
rCold  . . .     Gourm    .     b - +0 scale mail
rNeg   + . .     Faith    .     c - +0 shield
rPois  ∞         Spirit   .     (no helmet)
rElec  +         Dismiss  .     (no cloak)
rCorr  .         Reflect  .     (no gloves)
SustAt .         Harm     .     (no boots)
MR     .....                    (no amulet)
Stlth  ..........               (no ring)
                                (no ring)

@: not resistant to hostile enchantments, extremely unstealthy
A: negative energy resistance 1, electricity resistance, unbreathing,
petrification resistance, rot immunity, AC +3
a: no special abilities


You were on level 3 of the Dungeon.
You were not hungry.

You visited 1 branch of the dungeon, and saw 4 of its levels.

You collected 78 gold pieces.

Inventory:

Hand Weapons
 a - a +0 flail (weapon)
Armour
 b - a +0 scale mail (worn)
 c - a +0 shield (worn)
Scrolls
 d - a scroll of identify
 e - a scroll of remove curse
 m - a scroll of fear
Potions
 h - 2 potions of degeneration
 i - 2 potions of heal wounds
 n - 3 potions of brilliance
Comestibles
 f - a bread ration
 l - a meat ration


   Skills:
 + Level 4.0 Fighting
 + Level 2.2 Maces & Flails
 + Level 3.7 Armour
 + Level 1.0 Dodging
 + Level 4.2 Shields


You had 3 spell levels left.
You didn't know any spells.

Dungeon Overview and Level Annotations

Branches:
Dungeon (4/15)
 Temple: D:4-7

Altars:
Cheibriados
The Shining One

Annotations:
D:3 Grinder


Innate Abilities, Weirdness & Mutations

You are resistant to torment.
Your stone body is resilient. (AC +3)
You are immune to poison.
You resist negative energy. (rN+)
You are resistant to electric shocks. (rElec)
You can survive without breathing.
You are immune to petrification.
You are immune to rotting.


Message History

The goblin barely misses you. Grinder hits you.
The goblin hits you but does no damage. You block Grinder's attack.
Grinder blinks!
An adder comes into view.
The goblin unwields an uncursed club.
The goblin wields an uncursed hunting sling.
The goblin shoots a stone.
The stone hits you but does no damage.
Found 13 gold pieces.
Grinder gestures at you. Pain shoots through your body!
* * * LOW HITPOINT WARNING * * *
Grinder gestures at you. You resist with significant effort.
Found a scroll of blinking.
A giant gecko comes into view.
The adder bites you but does no damage. You block the adder's attack.
You block the adder's attack. Grinder hits you.
You die...

#....>(............
....)....###.(..##.#
#..................#
###.............##.#
..........##.#.# .# #
###.....$#.##.#.##.##.#
#............$.......
..####.#.##.#5......#
.....##.#@.####
..S#...gS....?# ..
####.g.....# .
#..l....# .........#
##........+ #........#
#........# ...#######


You could see Grinder, an adder, a giant gecko and 2 goblins.

Vanquished Creatures
  An orc wizard (D:4)
  Robin (D:4)
  An ooze (D:1)
  4 orcs (D:4)
  A ball python (D:1)
  2 giant cockroaches (D:1)
  13 goblins
  3 hobgoblins
  6 bats (D:1)
  A kobold (D:1)
  3 rats (D:1)
36 creatures vanquished.

Notes
Turn   | Place    | Note
--------------------------------------------------------------
     0 | D:1      | scalarboson the Gargoyle Fighter began the quest for the Orb.
     0 | D:1      | Reached XP level 1. HP: 14/14 MP: 1/1
   117 | D:1      | Reached XP level 2. HP: 19/19 MP: 2/2
   362 | D:1      | Reached XP level 3. HP: 24/24 MP: 3/3
   512 | D:2      | You fall through a shaft for 2 floors!
   518 | D:4      | Noticed Robin
   535 | D:4      | Killed Robin
   714 | D:4      | Reached skill level 1 in Dodging
   714 | D:4      | Reached XP level 4. HP: 24/29 MP: 4/4
   729 | D:4      | Found a glowing golden altar of the Shining One.
   778 | D:4      | Found a snail-covered altar of Cheibriados.
   778 | D:4      | Noticed Grinder
   800 | D:3      | HP: 1/29 [Grinder/nerve-wracking pain (13)]
   805 | D:3      | Slain by Grinder

Vault maps used:
D:1:      minmay_arrival_hallway
D:2:      ecumenical_altar_2, first_bread, serial_bayou_pond_c
D:3:      gammafunk_pakellas_its_alive, grunt_gozag_statues, uniq_iyjb
D:4:      nicolae_overflow_hidden_temple, kennysheep_mini_moat,
          kennysheep_slug_shrine, uniq_crazy_yiuf_cottage, uniq_robin,
          uniq_grinder, uniq_sigmund

Skill      XL: |  1  2  3  4 |
---------------+-------------+-----
Dodging        | 1 |  1.0
Shields        | 4 |  4.2
Fighting       | 4 |  4.0
Maces & Flails | |  2.2
Armour         | |  3.7

Action                   |  1- 3 |  4- 6 || total
-------------------------+-------+-------++-------
Melee: Flail             |   112 |    14 ||   126
  Use: Scroll            |     9 |       ||     9
       Potion            |     1 |       ||     1
Armor: Scale mail        |    88 |    11 ||    99
Dodge: Dodged            |    47 |    10 ||    57
Block: Shield            |    95 |    15 ||   110
